 Dungeon Crawl Stone Soup version 0.30-a0-311-gf115ab0292 (webtiles) character file.

Game seed: 3391561608901168535

1894 koil the Ducker (level 8, -5/35 (37) HPs)
             Began as a Spriggan Hunter on Oct 26, 2022.
             Was a Follower of Hepliaklqana.
             Slain by a wight
             ... wielding a +5 halberd of freezing
              (7 damage)
             ... on level 8 of the Dungeon.
             The game lasted 00:24:05 (6282 turns).

koil the Ducker (Spriggan Hunter)                   Turns: 6282, Time: 00:24:07

HP:   -5/35 (37)    AC:  6    Str:  7    XL:     8   Next: 93%
MP:   16/16         EV: 23    Int: 16    God:    Hepliaklqana [*.....]
Gold: 310           SH:  0    Dex: 21    Spells: 15/19 levels left

rFire   . . .      SeeInvis +    b - +1 arbalest (freeze)
rCold   . . .      Faith    .    (shield currently unavailable)
rNeg    . . .      Spirit   .    c - +0 robe
rPois   .          Reflect  .    (helmet restricted)
rElec   .          Harm     .    m - scarf {+Inv}
rCorr   .          Rampage  .    (gloves unavailable)
Will    +....                    (boots unavailable)
Stlth   ++++......               (no amulet)
HPRegen 0.25/turn                l - +4 ring of protection
MPRegen 0.15/turn                w - +6 ring of intelligence

@: drained, very quick
A: reduced essence, very small, no large weapons, unfitting armour, see
invisible, speed 3, low MP 1
a: Renounce Religion, Evoke Invisibility, Recall Ancestor, Ancestor Identity


You were on level 8 of the Dungeon.
You worshipped Hepliaklqana.
Hepliaklqana was aware of your devotion.
You visited 2 branches of the dungeon, and saw 9 of its levels.

You collected 460 gold pieces.
You spent 150 gold pieces at shops.

Inventory:

Hand Weapons
 a - a +0 shortbow
 b - a +1 arbalest of freezing (weapon)
 d - a +0 scythe of flaming
 k - a +2 dagger of venom
 u - a +0 dagger
 v - a +4 falchion
Missiles
 g - 22 poisoned darts
 q - 8 boomerangs of dispersal
 x - 2 boomerangs
Armour
 c - a +0 robe (worn)
 h - a +0 robe
 m - a scarf of invisibility (worn)
Jewellery
 l - a +4 ring of protection (left hand)
 w - a +6 ring of intelligence (right hand)
Scrolls
 e - 4 scrolls of teleportation
 i - 4 scrolls of immolation
 j - a scroll of blinking
 n - a scroll of butterflies
Potions
 f - 7 potions of curing
 o - a potion of might
 p - a potion of haste
 r - 2 potions of heal wounds
 s - a potion of brilliance
 t - a potion of flight {unknown}


   Skills:
 + Level 4.5 Fighting
 + Level 6.4 Ranged Weapons
 + Level 0.1 Throwing
 + Level 7.2 Dodging
 - Level 6.0 Stealth
 + Level 6.1 Spellcasting
 + Level 0.2 Hexes
 - Level 5.0 Translocations


You had 15 spell levels left.
You knew the following spells:

 Your Spells              Type           Power      Damage    Failure   Level
a - Blink                 Tloc           40%        N/A       2%          2
b - Ensorcelled Hibernat  Hex/Ice        10%        N/A       21%         2

Your spell library contained the following spells:

 Spells                   Type           Power      Damage    Failure   Level
 Manifold Assault         Tloc           20%        N/A       17%         4
 Passwall                 Tmut/Erth      3%         N/A       21%         2
 Swiftness                Air            4%         N/A       38%         3
 Animate Dead             Necr           4%         N/A       80%         4
 Borgnjor's Vile Clutch   Necr/Erth      2%         N/A       98%         5
 Death Channel            Necr           2%         N/A       100%        6
 Storm Form               Tmut/Air       2%         N/A       100%        7


Dungeon Overview and Level Annotations

Branches:
Dungeon (8/15)             Temple (1/1) D:5
   Lair: D:8-11

Altars:
Ashenzari
Cheibriados
Dithmenos
Elyvilon
Fedhas
Gozag
Hepliaklqana
Makhleb
Nemelex Xobeh
Qazlal
Ru
Sif Muna
Trog
Uskayaw
Wu Jian
Yredelemnul
The Shining One
Ignis

Shops:
D:7 *


Innate Abilities, Weirdness & Mutations

Your life essence is reduced to manifest your ancestor. (-10% HP)
You are very small and have problems with some larger weapons.
You are too small for most types of armour.
You have supernaturally acute eyesight. (SInv)
You cover ground extremely quickly. (Speed+++)
Your magical capacity is low. (-10% MP)


Message History

Found a stone staircase leading down.
e - 4 scrolls of teleportation (gained 1)
A wight comes into view. It is wielding a +0 long sword.
You see here a dark potion.
You shoot a bolt. The bolt hits the wight.
The wight is lightly damaged.
You shoot a bolt.
The bolt hits the wight but does no damage.
The wight is lightly damaged.
You shoot a bolt.
The bolt hits the wight but does no damage.
The wight is lightly damaged.
A wight comes into view.
It is wielding a +5 halberd of freezing.
You shoot a bolt. The bolt closely misses the wight.
The wight barely misses you.
A wight comes into view. It is wielding a +0 short sword.
You shoot a bolt. The bolt completely misses the wight.
The wight hits you with a +0 long sword.
You feel drained.
A wight comes into view.
It is wielding a +3 great sword of freezing.
You shoot a bolt. The bolt hits the wight!
The wight is severely damaged.
The wight hits you with a +0 long sword!
A wight comes into view.
It is wielding a +2 scimitar of electrocution.
The wight hits you with a +0 long sword!
The wight moves out of view.
Unknown command.
You shoot a bolt. The bolt barely misses the wight.
The bolt hits the wight.
The wight is moderately damaged.
You shoot a bolt. The bolt hits the wight!
You destroy the wight!
Your life force feels restored.
You shoot a bolt. The bolt hits the wight.
The wight is heavily damaged.
The wight hits you from afar with a +5 halberd of freezing!
* * * LOW HITPOINT WARNING * * *
You feel drained.
* * * LOW HITPOINT WARNING * * *
The wight freezes you!
You die...

# .# .# ######.#
#......# #......#
###########...z..#.#
.......@.z)z........z.
.###..............z#.#
#..<.......>..#.#
#.......###.#.# #
###.#.### #.#... #.#.#
#.###.# ....# #.. .#
.....# # ..[...


You could see 3 wights.

Vanquished Creatures
  A sky beast (D:7)
  An orc warrior (D:7)
  2 ogres
  A bullfrog (D:7)
  3 necrophages (D:6)
  2 scorpions (D:5)
  6 wights
  A howler monkey (D:5)
  2 hounds
  2 orc priests
  8 orc wizards
  7 adders
  A white imp (D:4)
  An ufetubus (D:5)
  5 worms
  2 dart slugs
  23 orcs
  4 bats
  7 endoplasms
  3 giant cockroaches
  5 goblins
  5 hobgoblins
  3 jackals (D:5)
  3 quokkas
  5 ball pythons
  2 frilled lizards (D:2)
  9 kobolds
  6 rats
  A spectral orc (D:4)
121 creatures vanquished.

Vanquished Creatures (collateral kills)
  Sigmund (D:6)
  An orc warrior (D:6)
  An orc priest (D:6)
  An iguana (D:6)
  An adder (D:6)
  2 orcs (D:6)
7 creatures vanquished.

Vanquished Creatures (others)
  6 plants (D:5)
6 creatures vanquished.

Grand Total: 134 creatures vanquished

Notes
Turn   | Place    | Note
-------+----------+-------------------------------------------
     0 | D:1      | koil the Spriggan Hunter began the quest for the Orb.
     0 | D:1      | Reached XP level 1. HP: 10/10 MP: 2/2
   243 | D:1      | Reached XP level 2. HP: 15/15 MP: 2/4
   298 | D:1      | Reached skill level 3 in Dodging
   447 | D:1      | Reached skill level 1 in Spellcasting
   868 | D:2      | Learned a level 2 spell: Blink
  1012 | D:2      | Reached XP level 3. HP: 17/18 MP: 5/5
  1459 | D:3      | Found a hide-covered altar of Uskayaw.
  1474 | D:3      | Reached skill level 1 in Translocations
  1483 | D:3      | Reached XP level 4. HP: 15/23 MP: 7/7
  1620 | D:3      | Found a blossoming altar of Fedhas.
  1677 | D:3      | Reached XP level 5. HP: 15/26 MP: 9/9
  2244 | D:3      | Found a blossoming altar of Fedhas.
  2251 | D:3      | Reached skill level 4 in Dodging
  2685 | D:3      | Found a hide-covered altar of Uskayaw.
  2750 | D:4      | Noticed an ogre
  2782 | D:4      | Killed an ogre
  2783 | D:4      | Reached XP level 6. HP: 32/32 MP: 9/11
  2837 | D:4      | Found a basalt altar of Yredelemnul.
  3389 | D:5      | Entered Level 5 of the Dungeon
  3465 | D:5      | Reached XP level 7. HP: 25/35 MP: 13/13
  3493 | D:5      | Reached skill level 5 in Ranged Weapons
  3493 | D:5      | Reached skill level 5 in Stealth
  3775 | D:5      | Found a burning altar of Makhleb.
  4073 | D:5      | Found a staircase to the Ecumenical Temple.
  4260 | Temple   | Entered the Ecumenical Temple
  4570 | Temple   | Became a worshipper of Hepliaklqana the Forgotten
  4671 | Temple   | Gained mutation: You have a pair of small antennae on your
                  | head. [potion of mutation]
  4671 | Temple   | Gained mutation: You are partially covered in iridescent
                  | scales. (AC +2) [potion of mutation]
  4672 | Temple   | Lost mutation: You are partially covered in iridescent
                  | scales. (AC +2) [potion of mutation]
  4672 | Temple   | Lost mutation: You have a pair of small antennae on your
                  | head. [potion of mutation]
  4672 | Temple   | Gained mutation: Your magical capacity is low. (-10% MP)
                  | [potion of mutation]
  4729 | D:6      | Noticed Sigmund
  4734 | D:6      | Killed Sigmund
  4735 | D:6      | Reached skill level 5 in Dodging
  4951 | D:6      | Reached XP level 8. HP: 38/40 MP: 14/14
  4977 | D:6      | Found a sparkling altar of Nemelex Xobeh.
  5025 | D:6      | Reached skill level 5 in Translocations
  5213 | D:6      | Reached skill level 6 in Dodging
  5232 | D:6      | Reached * piety under Hepliaklqana
  5406 | D:7      | Reached skill level 5 in Spellcasting
  5896 | D:7      | Reached skill level 7 in Dodging
  6183 | D:7      | Learned a level 2 spell: Ensorcelled Hibernation
  6189 | D:7      | Found Gawium's Assorted Antiques.
  6192 | D:7      | Bought a glass ring for 150 gold pieces
  6282 | D:8      | Slain by a wight

Illustrated notes

Levels and vault maps discovered:
D:1:      nicolae_arrival_somewhat_less_tricky_arrival, layout_basic
D:2:      layout_loops_ring
D:3:      layout_basic, mainiacjoe_overflow_cross_hatched,
          nicolae_uskayaw_murder_on_the_dancefloor
D:4:      layout_gridville, yredelemnul_forgotten_temple_becter,
          minmay_quantized
D:5:      layout_basic, kennysheep_little_box, minmay_temple_entry_statues,
          serial_bayou_pond_c
D:6:      layout_gridville, nemelex_spade_bored_becter, uniq_sigmund
D:7:      layout_loops_ring, serial_shops, kennysheep_mini,
          amcnicky_mini_corridor_feature
D:8:      layout_basic, mainiacjoe_overflow_six_doors_small, old_standard_altar
Temple:   ebering_untended_altars

Skill      XL: |  1  2  3  4  5  6  7  8 |
---------------+-------------------------+-----
Stealth        | 2 3 4 6 |  6.0
Dodging        | 3 4 5 7 |  7.2
Spellcasting   | 1 2 3 4 6 |  6.1
Fighting       | 2 3 4 |  4.5
Translocations | 1 2 3 4 5 |  5.0
Ranged Weapons | 5 6 |  6.4
Throwing       | |  0.1
Hexes          | |  0.2

Action                   |  1- 3 |  4- 6 |  7- 9 || total
-------------------------+-------+-------+-------++-------
 Fire: Shortbow          |   105 |   154 |   131 ||   390
       Arbalest          |       |       |    42 ||    42
  Use: Scroll            |       |       |    16 ||    16
       Potion            |       |       |     3 ||     3
Armor: Robe              |    12 |    13 |     5 ||    30
Dodge: Dodged            |    51 |    64 |    53 ||   168

Table legend: (Time is in decaauts)
 A = Elapsed time spent in this place.
 B = Non-inter-level travel time spent in this place.
 C = Inter-level travel time spent in this place.
 D = Time resting spent in this place.
 E = Time spent auto-exploring this place.
 F = Levels seen in this place.
 G = Mean time per level.
                   A        B        C        D        E       F      G
               +--------+--------+--------+--------+--------+-----+--------+
         Total |   4394 |   4299 |     95 |    181 |   2966 |   9 |  488.2 |
       Dungeon |   4115 |   4020 |     95 |    142 |   2935 |   8 |  514.4 |
        Temple |    279 |    279 |      0 |     39 |     30 |   1 |  279.0 |
               +--------+--------+--------+--------+--------+-----+--------+

Top non-repeatable levels by time:
     D:3: 919 daAuts
     D:5: 617 daAuts
     D:7: 605 daAuts
     D:1: 551 daAuts
     D:6: 505 daAuts
     D:4: 455 daAuts
     D:2: 435 daAuts
  Temple: 279 daAuts
     D:8: 23 daAuts
